 Dungeon Crawl Stone Soup version 0.27-a0-1230-gfc7c993222 (webtiles) character file.

Game seed: 5813756089965908497

546 Delamore the Poker (level 7, -4/56 HPs)
             Began as a Formicid Fighter on June 8, 2021.
             Was a Priest of Lugonu.
             Killed by divine providence
             ... invoked by an orc priest
              (14 damage)
             ... on level 4 of the Dungeon.
             The game lasted 00:03:39 (3128 turns).

Delamore the Poker (Formicid Fighter)               Turns: 3128, Time: 00:03:40

Health: -4/56      AC: 13    Str: 25    XL:     7   Next: 53%
Magic:  7/7        EV: 12    Int:  8    God:    Lugonu [***...]
Gold:   55         SH: 10    Dex: 16    Spells: 6/6 levels left

rFire    . . .     SeeInvis +   a - +0 trident
rCold    . . .     Faith    .   c - +0 kite shield
rNeg     . . .     Spirit   .   b - +0 scale mail
rPois    .         Reflect  .   (helmet unavailable)
rElec    .         Harm     .   l - +2 cloak
rCorr    .         Rampage  .   f - +2 pair of gloves {Str+3}
Will     .....                  (no boots)
Stlth    ..........             (no amulet)
HPRegen  0.18/turn              i - +6 ring of dexterity
MPRegen  0.10/turn              j - +4 ring of evasion

@: lethally poisoned (-4 -> -9)
A: permanent stasis, dig shafts and tunnels, antennae 3, four strong arms
a: Dig, Shaft Self, Renounce Religion, Depart the Abyss, Bend Space, Banish


You were on level 4 of the Dungeon.
You worshipped Lugonu.
Lugonu was most pleased with you.
You visited 1 branch of the dungeon, and saw 4 of its levels.

You collected 55 gold pieces.

Inventory:

Hand Weapons
 a - a +0 trident (weapon)
Missiles
 p - 2 throwing nets
 q - 4 atropa-tipped darts
Armour
 b - a +0 scale mail (worn)
 c - a +0 kite shield (worn)
 f - a +2 pair of gloves of strength (worn)
 l - a +2 cloak (worn)
Jewellery
 i - a +6 ring of dexterity (left hand)
 j - a +4 ring of evasion (right hand)
 n - a ring of poison resistance
Scrolls
 h - a scroll of noise
 m - a scroll of identify
Potions
 d - a potion of might
 e - a potion of curing {unknown}
 g - 3 potions of flight
 k - 2 potions of mutation {unknown}
 o - a potion of attraction {unknown}


   Skills:
 - Level 5.0 Fighting
 * Level 7.0 Polearms
 - Level 3.2 Armour
 - Level 3.6 Shields


You had 6 spell levels left.
You didn't know any spells.
Your spell library was empty.

Dungeon Overview and Level Annotations

Branches:
Dungeon (4/15)
 Temple: D:4-7

Altars:
Lugonu

Shops:
D:2 =


Innate Abilities, Weirdness & Mutations

You cannot be hasted, slowed, berserked, paralysed or teleported.
You can dig through walls and to a lower floor.
You have a pair of large antennae on your head. (SInv)
Your four strong arms can wield two-handed weapons with a shield.


Message History

You extend your mandibles.
You dig through the rock wall.
You dig through the rock wall.
You dig through the rock wall.
You are too injured to fight recklessly!
You are too injured to fight recklessly!
You are too injured to fight recklessly!
You retract your mandibles.
You puncture the orc!
You kill the orc!
Lugonu accepts your kill.
The orc priest hits you but does no damage.
You are poisoned.
You see here a +1 trident of venom.
You hit the orc priest.
The orc priest is moderately wounded.
You feel sick. The orc priest barely misses you.
The orc priest calls down the wrath of Beogh upon you.
Pain shoots through your body!
You barely miss the orc priest.
The orc priest is moderately wounded.
You feel sick. You block the orc priest's attack.
You completely miss the orc priest.
The orc priest is moderately wounded.
You feel sick.
The orc priest hits you but does no damage.
You are more poisoned.
You hit the orc priest.
The orc priest is heavily wounded.
You feel very sick. You block the orc priest's attack.
You hit the orc priest but do no damage.
The orc priest is heavily wounded.
You feel sick.
The orc priest looks braver for a moment.
You hit the orc priest but do no damage.
The orc priest is heavily wounded.
You feel sick.
The orc priest mumbles some strange prayers to Beogh against you.
Beogh smites you!
You die...

... .# .#.###.###
#........ { .#.....#
.##...#
.###.###############
...................#
#.##.##########o##.#
#.##.# ##@#.# #.##.#
#.##.# ..##.. ### {#
####.. o. { #### ..
#{ {


You could see an orc priest.

Vanquished Creatures
  2 ogres
  An orc priest (D:3)
  Crazy Yiuf (D:2)
  Natasha (thrice) (D:2)
  11 gnolls (D:3)
  5 adders
  A worm (D:2)
  4 dart slugs
  11 orcs
  A bat (D:3)
  5 endoplasms
  3 giant cockroaches
  6 goblins
  6 hobgoblins
  6 jackals (D:3)
  4 kobolds
  3 quokkas (D:1)
  A ball python (D:2)
  A frilled lizard (D:1)
  7 rats
82 creatures vanquished.

Notes
Turn   | Place    | Note
-------+----------+-------------------------------------------
     0 | D:1      | Delamore the Formicid Fighter began the quest for the Orb.
     0 | D:1      | Reached XP level 1. HP: 18/18 MP: 1/1
    93 | D:1      | Found a faded altar of an unknown god.
   100 | D:1      | Became a worshipper of Lugonu the Unformed
   100 | D:1      | Reached * piety under Lugonu
   100 | D:1      | Reached ** piety under Lugonu
   266 | D:1      | Reached XP level 2. HP: 22/24 MP: 2/2
   546 | D:1      | Reached XP level 3. HP: 28/30 MP: 3/3
   726 | D:1      | Reached skill level 3 in Polearms
  1043 | D:2      | Found Toddouk's Jewellery Emporium.
  1186 | D:2      | Noticed Natasha
  1194 | D:2      | Killed Natasha
  1195 | D:2      | Reached XP level 4. HP: 15/37 MP: 4/4
  1610 | D:2      | Found a runed translucent door.
  1611 | D:2      | Noticed Crazy Yiuf
  1726 | D:2      | Reached skill level 4 in Polearms
  1753 | D:2      | Reached XP level 5. HP: 40/42 MP: 5/5
  1759 | D:2      | Noticed Natasha
  1766 | D:2      | Killed Natasha
  1924 | D:2      | Noticed Natasha
  1953 | D:2      | Killed Natasha
  2185 | D:2      | Killed Crazy Yiuf
  2449 | D:3      | Reached *** piety under Lugonu
  2481 | D:3      | Reached XP level 6. HP: 49/49 MP: 6/6
  2616 | D:3      | Reached skill level 5 in Polearms
  2686 | D:3      | Reached skill level 5 in Fighting
  2783 | D:3      | Noticed an ogre
  2792 | D:3      | Killed an ogre
  2793 | D:3      | Reached skill level 6 in Polearms
  2793 | D:3      | Reached XP level 7. HP: 34/56 MP: 7/7
  3098 | D:4      | Reached skill level 7 in Polearms
  3128 | D:4      | Killed from afar by an orc priest

Illustrated notes

Levels and vault maps discovered:
D:1:      scummos_arrival_simple_fountains, layout_loops_ring,
          chequers_ecumenical_altar_simple, supply_closet_lemuel
D:2:      layout_basic, serial_shops, nicolae_shop_stone, uniq_natasha,
          uniq_crazy_yiuf_cottage
D:3:      lemuel_castle_with_subvaults [lemuel_castle_interior_carwin_3],
          layout_loops_ring, serial_bayou_pond_a
D:4:      old_forge, layout_loops_ring, cheibrodos_sewer_entry_bend

Skill      XL: |  1  2  3  4  5  6  7 |
---------------+----------------------+-----
Polearms       | 3 4 6 7 |  7.0
Fighting       | 4 5 |  5.0
Armour         | |  3.2
Shields        | |  3.6

Action                   |  1- 3 |  4- 6 |  7- 9 || total
-------------------------+-------+-------+-------++-------
Melee: Trident           |    94 |   171 |    46 ||   311
 Abil: Dig               |       |       |     2 ||     2
  Use: Scroll            |     2 |     1 |     2 ||     5
Armor: Scale mail        |    23 |    42 |    11 ||    76
Dodge: Dodged            |    22 |    68 |    29 ||   119
Block: Kite shield       |    42 |    84 |    33 ||   159

Table legend: (Time is in decaauts)
 A = Elapsed time spent in this place.
 B = Non-inter-level travel time spent in this place.
 C = Inter-level travel time spent in this place.
 D = Time resting spent in this place.
 E = Time spent auto-exploring this place.
 F = Levels seen in this place.
 G = Mean time per level.
                   A        B        C        D        E       F      G
               +--------+--------+--------+--------+--------+-----+--------+
         Total |   3218 |   3181 |     37 |    531 |   1906 |   4 |  804.5 |
       Dungeon |   3218 |   3181 |     37 |    531 |   1906 |   4 |  804.5 |
               +--------+--------+--------+--------+--------+-----+--------+

Top non-repeatable levels by time:
     D:2: 1537 daAuts
     D:1: 911 daAuts
     D:3: 635 daAuts
     D:4: 134 daAuts
